 Dungeon Crawl Stone Soup version 0.31-a0-117-g42d8f58691 (webtiles) character file.

Game seed: 13396731111099754763

49 Barriton the Conjurer (level 3, -3/23 (26) HPs)
             Began as a Draconian Conjurer on May 30, 2023.
             Slain by a goblin
             ... wielding a +1 dagger of draining
             ... led by Robin
              (5 damage)
             ... on level 1 of the Dungeon.
             The game lasted 00:02:47 (1485 turns).

Barriton the Conjurer (Draconian Conjurer)          Turns: 1485, Time: 00:02:48

HP:   -3/23 (26)    AC:  7    Str:  9    XL:     3   Next: 51%
MP:   1/6           EV: 12    Int: 20    God:
Gold: 26            SH:  0    Dex:  9    Spells: 3/6 levels left

rFire   + . .        (no weapon)
rCold   . . .        (no shield)
rNeg    + + .        (body armour unavailable)
rPois   .            (helmet restricted)
rElec   .            (no cloak)
rCorr   .            e - +0 pair of gloves
SInv    .            b - +0 pair of boots
Will    .....        (no amulet)
Stlth   ++           k - ring "Qaenk" {Wiz Fly rF+ rN++ Slay-2}
HPRegen 0.23/turn    (no ring)
MPRegen 0.10/turn

%: wizardry (x1)
@: flying, heavily drained
A: AC +5, unfitting armour, cold-blooded
a: no special abilities


You were on level 1 of the Dungeon.
You visited 1 branch of the dungeon, and saw 2 of its levels.

You collected 26 gold pieces.

Inventory:

Armour
 b - a +0 pair of boots (worn)
 e - a +0 pair of gloves (worn)
Jewellery
 k - the ring "Qaenk" (left hand) {Wiz Fly rF+ rN++ Slay-2}
   (You found it on level 2 of the Dungeon)

   [ring of wizardry]

   It improves your spell success rate.
   Slay:      It affects your accuracy & damage with ranged weapons and melee
   (-2).
   rF:        It protects you from fire.
   rN:        It greatly protects you from negative energy.
   Fly:       It grants you flight.
Scrolls
 g - a scroll of enchant armour {unknown}
 h - a scroll of teleportation {unknown}
 i - a scroll of magic mapping {unknown}
 j - a scroll of vulnerability {unknown}
Potions
 a - a potion of magic
 c - 2 potions of curing {unknown}
 d - a potion of degeneration {unknown}
 f - a potion of heal wounds {unknown}


   Skills:
 + Level 1.8 Dodging
 + Level 2.4 Stealth
 + Level 0.1 Unarmed Combat
 + Level 2.1 Spellcasting
 + Level 4.8 Conjurations


You had 3 spell levels left.
You knew the following spells:

 Your Spells              Type           Power      Damage    Failure   Level
a - Magic Dart            Conj           84%        1d7       1%          1
b - Searing Ray           Conj           42%        2d6       1%          2

Your spell library contained the following spells:

 Spells                   Type           Power      Damage    Failure   Level
 Dazzling Flash           Conj/Hex       22%        N/A       7%          3
 Fulminant Prism          Conj/Hex       5%         3d7       22%         4
 Iskenderun's Mystic Bla  Conj/Tloc      11%        2d4       22%         4


Dungeon Overview and Level Annotations

Branches:
Dungeon (2/15)

Altars:

Shops:
D:1 *


Innate Abilities, Weirdness & Mutations

Your plain brown scales are hard. (AC +5)
You cannot fit into any form of body armour.
You are cold-blooded and may be slowed by cold attacks.


Message History

a +0 dagger; a goblin corpse You closely miss the goblin.
The goblin closely misses you. The goblin hits you but does no damage.
You closely miss the goblin. The goblin hits you but does no damage.
You partially resist. The goblin hits you with a +0 club.
You barely miss the goblin. The goblin hits you but does no damage.
You partially resist. The goblin closely misses you.
You closely miss the goblin.
The goblin hits you with a +1 dagger of draining.
You partially resist.
You feel drained. The goblin closely misses you.
You hit the goblin but do no damage.
The goblin hits you with a +1 dagger of draining.
You partially resist. The goblin hits you with a +0 club.
You closely miss the goblin.
Your tail-slap misses the goblin.
The goblin barely misses you. The goblin hits you but does no damage.
You closely miss the goblin. The goblin misses you.
The goblin barely misses you.
Casting: Searing Ray (safe; 1% risk of failure)
Confirm with . or Enter, or press ? or * to list all spells.
Aiming: Magic Dart (safe; 1% risk of failure)
Press: ? - help, Shift-Dir - straight line, f - goblin
Aim: a goblin, wielding a +0 club (strong, 100% to hit)
The magic dart hits the goblin.
The goblin is severely wounded.
The goblin no longer looks unusually strong.
The goblin closely misses you. The goblin hits you with a +0 club.
You closely miss the goblin.
The goblin is severely wounded.
The goblin hits you with a +1 dagger of draining.
* * * LOW HITPOINT WARNING * * *
You partially resist.
You feel drained. The goblin barely misses you.
You closely miss the goblin.
The goblin is severely wounded.
The goblin hits you with a +1 dagger of draining.
* * * LOW HITPOINT WARNING * * *
You partially resist.
You feel drained. The goblin hits you but does no damage.
You completely miss the goblin. You tail-slap the goblin.
You kill the goblin!
The goblin hits you with a +1 dagger of draining.
You die...

#.######## #.....#.#####.
#.# ##............. #.#
#............))
#.############.....#########
#...............#.##
#...#.......#...#.#
#.#.#.#####.#...#.# #####
#.#.#.# #)#...#.######....
#.#.#.# #@#...#.....##....
#.#.#.# #g#...#####.##.###
#.#.#.# #.................
#.#.#.# ###....####.##.###
#.#.#.### #.##.# #.##.#
#.....†.# ###.##.####.##.###
###.#.#.###.......†...##....
#.........................
###.#.###.####.####.######


You could see a goblin (strong).

Vanquished Creatures
  Robin (D:2)
  8 endoplasms
  11 goblins
  2 hobgoblins (D:1)
  3 jackals (D:1)
  2 ball pythons (D:1)
  2 bats (D:1)
  A frilled lizard (D:1)
  A kobold (D:2)
  2 rats (D:1)
33 creatures vanquished.

Notes
Turn   | Place    | Note
-------+----------+-------------------------------------------
     0 | D:1      | Barriton the Draconian Conjurer began the quest for the
                  | Orb.
     0 | D:1      | Reached XP level 1. HP: 14/14 MP: 3/3
   145 | D:1      | Found Saostride's Assorted Antiques.
   320 | D:1      | Reached XP level 2. HP: 20/20 MP: 1/5
  1214 | D:2      | Identified the ring "Qaenk" {Wiz Fly rF+ rN++ Slay-2}
  1287 | D:2      | Noticed Robin
  1307 | D:2      | Reached XP level 3. HP: 10/26 MP: 3/6
  1321 | D:1      | Learned a level 2 spell: Searing Ray
  1468 | D:2      | Killed Robin
  1485 | D:1      | Slain by a goblin

Illustrated notes

Levels and vault maps discovered:
D:1:      wheals_arrival_linesprint, layout_loops_ring, serial_shops, shop,
          ebering_dispersal_statue_hall
D:2:      layout_basic, nicolae_kite_square_tiling_tiny, uniq_robin

Skill      XL: |  1  2  3 |
---------------+----------+-----
Stealth        | 2 |  2.4
Dodging        | |  1.8
Unarmed Combat | |  0.1
Spellcasting   | |  2.1
Conjurations   | |  4.8

Action                     || total
---------------------------++-------
  Melee: Unarmed           ||    38
         Tailslap          ||     4
   Cast: Magic Dart        ||    52
         Searing Ray       ||     3
    Use: Potion            ||     1
 Armour: Skin              ||    44
  Dodge: Dodged            ||    66

Table legend: (Time is in decaauts)
 A = Elapsed time spent in this place.
 B = Non-inter-level travel time spent in this place.
 C = Inter-level travel time spent in this place.
 D = Time resting spent in this place.
 E = Time spent auto-exploring this place.
 F = Levels seen in this place.
 G = Mean time per level.
                   A        B        C        D        E       F      G
               +--------+--------+--------+--------+--------+-----+--------+
         Total |   1487 |   1423 |     64 |      0 |   1223 |   2 |  743.5 |
       Dungeon |   1487 |   1423 |     64 |      0 |   1223 |   2 |  743.5 |
               +--------+--------+--------+--------+--------+-----+--------+

Top non-repeatable levels by time:
     D:1: 1171 daAuts
     D:2: 316 daAuts
